 Dungeon Crawl Stone Soup version 0.20.1-1-g8b1a95d (webtiles) character file.

182 doot the Slasher (level 5, -1/39 HPs)
             Began as a Vampire Gladiator on Nov 13, 2017.
             Was an Initiate of Nemelex Xobeh.
             Slain by an orc warrior
             ... wielding a +0 flail
              (16 damage)
             ... on level 4 of the Dungeon.
             The game lasted 00:04:55 (3032 turns).

doot the Slasher (Vampire Gladiator)                Turns: 3032, Time: 00:04:56

Health: -1/39      AC:  4    Str: 14    XL:     5   Next: 34%
Magic:  5/5        EV: 14    Int: 10    God:    Nemelex Xobeh [......]
Gold:   187        SH:  0    Dex: 16    Spells: 4/4 levels left

rFire    . . .     SeeInvis +   a - +0 long sword
rCold    . . .     Gourm    .   (no shield)
rNeg     + . .     Faith    .   b - +0 leather armour
rPois    .         Spirit   .   c - +0 helmet
rElec    .         Reflect  .   (no cloak)
rCorr    .         Harm     .   (no gloves)
MR       .....                  (no boots)
Stlth    ++........             (no amulet)
Regen    0.2/turn               (no ring)
MPRegen  0.1/turn               (no ring)

@: no status effects
A: fangs 3, see invisible, unbreathing
a: Bat Form, Renounce Religion


You were on level 4 of the Dungeon.
You worshipped Nemelex Xobeh.
Nemelex Xobeh was noncommittal.
You were not thirsty.

You visited 1 branch of the dungeon, and saw 4 of its levels.

You collected 187 gold pieces.

Inventory:

Hand Weapons
 a - a +0 long sword (weapon)
Missiles
 d - 3 throwing nets (quivered)
Armour
 b - a +0 leather armour (worn)
 c - a +0 helmet (worn)
Scrolls
 f - a scroll of teleportation {unknown}
 k - a scroll of fog {unknown}
 l - 3 scrolls of identify {unknown}
 m - 3 scrolls of fear {unknown}
 n - a scroll of enchant weapon {unknown}
 o - a scroll of remove curse {unknown}
 q - a scroll of enchant armour {unknown}
 r - a scroll of magic mapping {unknown}
Potions
 e - 9 potions of blood
 g - 3 potions of flight {unknown}
 h - 2 potions of curing {unknown}
 i - 3 potions of lignification {unknown}
 j - a potion of resistance {unknown}
 p - a potion of cancellation {unknown}


   Skills:
 + Level 2.7 Fighting
 + Level 4.5 Long Blades
 + Level 1.7 Throwing
 + Level 1.0 Armour
 + Level 4.0 Dodging
 + Level 2.4 Stealth


You had 4 spell levels left.
You didn't know any spells.

Dungeon Overview and Level Annotations

Branches:
Dungeon (4/15)
 Temple: D:4-7

Altars:
Ashenzari
Elyvilon
Nemelex Xobeh
Trog
Vehumet
Xom
The Shining One


Innate Abilities, Weirdness & Mutations

You have razor-sharp teeth.
You have supernaturally acute eyesight. (SInv)
You can survive without breathing.


Message History

The orc warrior is lightly wounded.
The orc warrior barely misses you.
You completely miss the orc warrior.
The orc warrior is lightly wounded.
The orc warrior closely misses you.
You riposte.
You hit the orc warrior.
The orc warrior is lightly wounded.
You hit the orc warrior but do no damage.
The orc warrior is lightly wounded.
The orc warrior hits you with a flail!
You hit the orc warrior but do no damage.
The orc warrior is lightly wounded.
The orc warrior barely misses you.
You barely miss the orc warrior.
The orc warrior is lightly wounded.
The orc warrior hits you with a flail.
You hit the orc warrior but do no damage.
The orc warrior is lightly wounded.
The orc warrior hits you with a flail!
You die...
Your body disappears without a glow.

.. ... .##....
..... ###o.#
#....# #.#..#
#o#.....
#o#.##.##
#@#.# .. #<#.#
.. #.#.. .
#.### #.# #..#
###.####..#
#.....##..#
####...>.##..#
#............#


You could see an orc warrior and an orc.

Vanquished Creatures
  A bullfrog (D:4)
  4 adders
  4 oozes (D:2)
  2 worms (D:2)
  A dart slug (D:1)
  3 leopard geckos
  5 orcs
  3 bats
  2 giant cockroaches
  5 goblins
  4 hobgoblins
  2 jackals (D:2)
  A quokka (D:3)
  A ball python (D:1)
  2 frilled lizards
  7 kobolds
  6 rats
53 creatures vanquished.

Notes
Turn   | Place    | Note
-------+----------+-------------------------------------------
     0 | D:1      | doot the Vampire Gladiator began the quest for the Orb.
     0 | D:1      | Reached XP level 1. HP: 16/16 MP: 1/1
   169 | D:1      | Reached XP level 2. HP: 22/22 MP: 2/2
   503 | D:2      | Reached XP level 3. HP: 19/27 MP: 3/3
   985 | D:2      | Found a white marble altar of Elyvilon.
  1353 | D:2      | Reached XP level 4. HP: 25/33 MP: 4/4
  1388 | D:2      | Reached skill level 1 in Stealth
  1748 | D:3      | Found a glowing golden altar of the Shining One.
  2263 | D:3      | Found a shimmering altar of Xom.
  2666 | D:3      | Found a bloodstained altar of Trog.
  2666 | D:3      | Found a white marble altar of Elyvilon.
  2667 | D:3      | Found a sparkling altar of Nemelex Xobeh.
  2669 | D:3      | Found a shattered altar of Ashenzari.
  2670 | D:3      | Found a radiant altar of Vehumet.
  2674 | D:3      | Became a worshipper of Nemelex Xobeh the Trickster
  2861 | D:4      | Noticed a bullfrog
  2869 | D:4      | Killed a bullfrog
  2869 | D:4      | Reached XP level 5. HP: 28/39 MP: 5/5
  2886 | D:4      | Noticed an orc warrior
  3024 | D:4      | Reached skill level 1 in Armour
  3032 | D:4      | Slain by an orc warrior

Skill      XL: |  1  2  3  4  5 |
---------------+----------------+-----
Fighting       | 2 |  2.7
Long Blades    | 4 |  4.5
Stealth        | 2 |  2.4
Dodging        | 4 |  4.0
Armour         | 1 |  1.0
Throwing       | |  1.7

Action                   |  1- 3 |  4- 6 || total
-------------------------+-------+-------++-------
Melee: Long sword        |    78 |    85 ||   163
       Bite              |     8 |     4 ||    12
  Use: Potion            |     1 |     5 ||     6
 Stab: Sleeping          |     2 |     1 ||     3
       Distracted        |       |     1 ||     1
Armor: Leather armour    |    16 |    24 ||    40
Dodge: Dodged            |    50 |    59 ||   109
       Rpst.: Long sword |    17 |    26 ||    43
